cohdb
Replays
Latest Replays
All Replays
Popular Replays
Top Player Replays
Match Explorer
How It Works
Community
CoH3 Stats
Reddit
Sign in to upload your games and track your stats! →
Sign in with Steam
Match 42346953
Unlisted
Match 42346953
Overview
Messages
Build Orders
End
Construct Infanterie Kompanie
Medical Station
Selects Breakthrough Battlegroup
Selects Assault Grenadiers
Selects Rapid Production
Selects Breakthrough
Selects Blitzkrieg
Selects Incendiary Bombing Run
Construct Luftwaffe Kompanie
Infanterie Officer Quarters
MG 42 Machine Gun Team
Jäger Squad
Jäger Squad
Luftwaffe Officer Quarters
Support Elements
Construct Panzergrenadier Kompanie
Jäger Squad
Incendiary Bombing Run
Construct Panzer Kompanie
Selects Tiger Heavy Tank
Incendiary Bombing Run
Panzer Officer Quarters
Side Skirts
MG 42 Machine Gun Team
Jäger Squad
Breakthrough
Panzer IV Medium Tank
Incendiary Bombing Run
Jäger Squad
Panzergrenadier Officer Quarters
Jäger Squad
Breakthrough
Sturmpanzer IV Brummbär
Incendiary Bombing Run
Pak 40 Anti-tank Gun Team
Pioneer Squad
Panzer IV Medium Tank
Breakthrough
Pak 40 Anti-tank Gun Team
Panzer IV Medium Tank
Breakthrough
Jäger Squad
Jäger Squad
Jäger Squad
Stoßtruppen Squad
Panzer IV Medium Tank
Jäger Squad
Jäger Squad
Jäger Squad
Panzer IV Medium Tank
AI Takeover
Suso
Tesenculo
tonyke
Joker
RChicken
.
prime
nexusverzini
0
0
Comments
sign in to comment!
No comments posted yet!